 Dungeon Crawl Stone Soup version 0.27-a0-1071-ga85bd9520d (webtiles) character file.

Game seed: 3598890338930284600

198 voltaire321 the Shield-Bearer (level 5, -5/37 HPs)
             Began as an Octopode Fighter on Apr 24, 2021.
             Killed by divine providence
             ... invoked by an orc priest
              (12 damage)
             ... on level 3 of the Dungeon.
             The game lasted 00:04:36 (3402 turns).

voltaire321 the Shield-Bearer (Octopode Fighter)    Turns: 3402, Time: 00:04:37

Health: -5/37      AC:  1    Str: 16    XL:     5   Next: 77%
Magic:  5/5        EV: 12    Int: 10    God:
Gold:   67         SH:  9    Dex: 12    Spells: 4/4 levels left

rFire    . . .     SeeInvis .   a - +0 long sword
rCold    . . .     Faith    .   b - +0 kite shield
rNeg     . . .     Spirit   .   (helmet restricted)
rPois    .         Reflect  .   (no amulet)
rElec    .         Harm     .   (no ring)
rCorr    .         Rampage  .   (no ring)
Will     .....                  (no ring)
Stlth    +++.......             (no ring)
HPRegen  0.12/turn              (no ring)
MPRegen  0.09/turn              (no ring)
                                (no ring)
                                (no ring)

@: no status effects
A: almost no armour, amphibious, 8 rings, camouflage 1, gelatinous body 1,
(nimble swimmer 1), tentacles
a: no special abilities


You were on level 3 of the Dungeon.
You visited 1 branch of the dungeon, and saw 3 of its levels.

You collected 67 gold pieces.

Inventory:

Hand Weapons
 a - a +0 long sword (weapon)
Missiles
 f - 6 poisoned darts (quivered)
 g - 4 atropa-tipped darts
 h - 6 javelins
Armour
 b - a +0 kite shield (worn)
Scrolls
 d - a scroll of noise {unknown}
 j - a scroll of amnesia {unknown}
 n - a scroll of immolation {unknown}
 o - a scroll of identify {unknown}
Potions
 c - a potion of might
 e - a potion of invisibility {unknown}
 i - a potion of magic {unknown}
 k - 3 potions of attraction {unknown}
 l - a potion of lignification {unknown}
 m - a potion of haste {unknown}
 p - a potion of experience {unknown}


   Skills:
 + Level 3.7 Fighting
 + Level 2.9 Long Blades
 + Level 2.1 Throwing
 + Level 3.8 Dodging
 - Level 1.0 Stealth
 + Level 4.0 Shields


You had 4 spell levels left.
You didn't know any spells.
Your spell library contained the following spells:

 Spells                   Type           Power      Damage    Failure   Level
 Magic Dart               Conj           0%         1d3       83%         1
 Searing Ray              Conj           0%         3d3       93%         2
 Dazzling Flash           Conj/Hex       0%         N/A       99%         3
 Fulminant Prism          Conj/Hex       0%         3d6       100%        4
 Iskenderun's Mystic Bla  Conj/Tloc      0%         2d3       100%        4


Dungeon Overview and Level Annotations

Branches:
Dungeon (3/15)

Altars:

Shops:
D:1 ?


Innate Abilities, Weirdness & Mutations

You cannot wear most types of armour.
You are amphibious.
You can wear up to eight rings at the same time.
Your skin changes colour to match your surroundings (Stealth+).
Your rubbery body absorbs attacks. (AC +1, EV +1)
((You are camouflaged near water. (Stealth+)))
You have tentacles for arms and can constrict up to eight enemies at once.


Message History

The orc wizard hits you with a +0 dagger.
The orc wizard gestures at you while chanting.
The puff of flame hits you. The orc barely misses you.
You slash the orc wizard!
You kill the orc wizard!
You block the orc's attack.
You hit the orc but do no damage. Your grab misses the orc.
The orc shouts!
You hear a shout!
An orc priest comes into view. It is wielding a +0 trident.
The orc hits you with a +0 mace. You block the orc's attack.
You closely miss the orc. Your grab misses the orc. You block the orc's attack.
You hit the orc. You grab the orc. You squeeze the orc, but do no damage.
The orc is almost dead.
You constrict the orc.
You kill the orc!
You block the orc's attack. The orc priest misses you.
The orc hits you with a +0 hand axe.
You hit the orc. Your grab misses the orc.
You squeeze the orc, but do no damage.
The orc is almost dead.
You block the orc priest's attack. The orc closely misses you.
The orc priest hits you from afar with a +0 trident.
You closely miss the orc. You grab the orc.
The orc is almost dead.
You constrict the orc.
You kill the orc!
You block the orc priest's attack. You block the orc priest's attack.
Items here: )) [[ ††.
You hit the orc priest but do no damage.
Your grab misses the orc priest. The orc priest closely misses you.
The orc priest invokes the aid of Beogh against you.
Beogh smites you!
* * * LOW HITPOINT WARNING * * *
You hit the orc priest. Your grab misses the orc priest.
Your squeeze misses the orc priest.
The orc priest is lightly wounded.
The orc priest invokes the aid of Beogh against you.
Beogh smites you!
You die...

##.....†.##.#
##)#####.##.#
##.# .#
.#.#####.#...
###
............. ..
.##.####.#...
##.### ## ..#
.##.# #.... #
..# #.##.# #o.#
#
..###.##.####@.#
.
.............).#
.
...............#
..
........#######
.########


You could see an orc priest.

Vanquished Creatures
  Jessica (D:2)
  3 orc wizards (D:3)
  4 adders (D:2)
  3 worms
  A dart slug (D:2)
  6 orcs (D:3)
  8 ball pythons
  4 bats
  4 endoplasms
  6 goblins
  6 hobgoblins
  2 jackals (D:1)
  4 quokkas
  A kobold (D:2)
  A rat (D:3)
54 creatures vanquished.

Notes
Turn   | Place    | Note
-------+----------+-------------------------------------------
     0 | D:1      | voltaire321 the Octopode Fighter began the quest for the
                  | Orb.
     0 | D:1      | Reached XP level 1. HP: 16/16 MP: 1/1
   175 | D:1      | Reached XP level 2. HP: 10/21 MP: 2/2
   404 | D:1      | Found Sysol's Magic Scroll Emporium.
   721 | D:1      | Reached skill level 1 in Throwing
  1180 | D:2      | Reached XP level 3. HP: 26/26 MP: 3/3
  1510 | D:2      | Reached skill level 1 in Stealth
  1945 | D:2      | Reached XP level 4. HP: 31/31 MP: 4/4
  2359 | D:2      | Noticed Jessica
  2362 | D:2      | Killed Jessica
  2639 | D:2      | Found a faded altar of an unknown god.
  3138 | D:3      | Reached XP level 5. HP: 36/36 MP: 5/5
  3156 | D:3      | Reached skill level 4 in Shields
  3402 | D:3      | Killed from afar by an orc priest

Illustrated notes

Levels and vault maps discovered:
D:1:      dpeg_arrival_rooms_c, layout_loops_ring, serial_shops, shop,
          minivault_5
D:2:      layout_basic, ebering_ecumenical_altar_mist, uniq_jessica,
          uniq_crazy_yiuf_cottage
D:3:      layout_loops_ring

Skill      XL: |  1  2  3  4  5 |
---------------+----------------+-----
Throwing       | 1 2 |  2.1
Stealth        | 1 |  1.0
Shields        | 4 |  4.0
Fighting       | |  3.7
Long Blades    | |  2.9
Dodging        | |  3.8

Action                   |  1- 3 |  4- 6 || total
-------------------------+-------+-------++-------
Melee: Long sword        |    65 |    51 ||   116
       Constrict         |    20 |    14 ||    34
       Tentacles         |    12 |    11 ||    23
 Stab: Sleeping          |     5 |     6 ||    11
Armor: Skin              |     3 |     2 ||     5
Dodge: Dodged            |    36 |    13 ||    49
Block: Kite shield       |    27 |    22 ||    49
       Rpst.: Long sword |     6 |     2 ||     8

Table legend: (Time is in decaauts)
 A = Elapsed time spent in this place.
 B = Non-inter-level travel time spent in this place.
 C = Inter-level travel time spent in this place.
 D = Time resting spent in this place.
 E = Time spent auto-exploring this place.
 F = Levels seen in this place.
 G = Mean time per level.
                   A        B        C        D        E       F      G
               +--------+--------+--------+--------+--------+-----+--------+
         Total |   3460 |   3358 |    102 |   1031 |   1845 |   3 | 1153.3 |
       Dungeon |   3460 |   3358 |    102 |   1031 |   1845 |   3 | 1153.3 |
               +--------+--------+--------+--------+--------+-----+--------+

Top non-repeatable levels by time:
     D:2: 2025 daAuts
     D:1: 1132 daAuts
     D:3: 302 daAuts
